cohdb
Replays
Latest Replays
All Replays
Popular Replays
Top Player Replays
Match Explorer
How It Works
Community
CoH3 Stats
Reddit
Sign in to upload your games and track your stats! →
Sign in with Steam
Match 41698905
Unlisted
Match 41698905
Overview
Messages
Build Orders
End
Construct Barracks
Riflemen Squad
Riflemen Squad
Riflemen Squad
Selects Advanced Infantry Battlegroup
Selects Convert to Ranger Squad
Convert to Ranger Squad
Infantry Support Center
Construct Medical Station
Scout Squad
Selects Artillery Observers
Advanced Logistics
Riflemen Squad
Grenade Package
Ranger Squad
Selects Frontline Medical Station
M1 Mortar Team
Selects Ranger Weapon Training
Frontline Medical Station
Selects Ranger Weapon Training
Microsoft Outlook
deadsadbadmad
Imagine Wagons
(CB7) (DU)(7-4-7)(B0iz)
0
0
Comments
sign in to comment!
No comments posted yet!